 Dungeon Crawl Stone Soup version 0.18-a0-1727-g7ae74ef (webtiles) character file.

767 Murumi the Blocker (level 8, -6/93 HPs)
             Began as a Formicid Fighter on Apr 10, 2016.
             Mangled by Fv001's ghost (9 damage)
             ... on level 6 of the Dungeon.
             The game lasted 00:49:27 (4252 turns).

Murumi the Blocker (Formicid Fighter)               Turns: 4252, Time: 00:49:28

Health: -6/93      AC: 24    Str: 23    XL:     8   Next: 9%
Magic:  8/8        EV:  2    Int:  8    God:
Gold:   255        SH: 12    Dex: 10    Spells: 0 memorised, 7 levels left

rFire  . . .     SeeInvis .     a - +1 long sword
rCold  + . .     Gourm    .     (armour currently unavailable)
rNeg   + + +     Faith    .     c - +1 shield
rPois  +         Spirit   .     (helmet unavailable)
rElec  .         Dismiss  .     (cloak currently unavailable)
rCorr  .         Reflect  .     (gloves currently unavailable)
SustAt .         Harm     .     (boots currently unavailable)
MR     .....                    (no amulet)
Stlth  +.........               (no ring)
                                g - ring of protection from cold

@: tree-form, very slightly contaminated, not resistant to hostile enchantments,
very unstealthy
A: permanent stasis, dig shafts and tunnels, four strong arms, (antennae 0)
a: no special abilities


You were on level 6 of the Dungeon.
You were very hungry.
You were a tree.
You visited 1 branch of the dungeon, and saw 6 of its levels.

You collected 255 gold pieces.

Inventory:

Hand Weapons
 a - a +1 long sword (weapon)
Missiles
 k - 14 bolts
Armour
 c - a +1 shield (worn)
 d - a +2 cloak of invisibility (melded)
 o - a +0 plate armour (melded)
Jewellery
 g - a ring of protection from cold (left branch)
Wands
 b - a wand of acid (10/15)
Scrolls
 m - a scroll of summoning
Potions
 e - a potion of resistance
 i - 3 potions of cancellation
 l - a potion of lignification
 p - a potion of flight
Comestibles
 f - 6 bread rations
 j - 2 chunks of flesh


   Skills:
 - Level 5.1 Fighting
 - Level 4.1 Long Blades
 + Level 4.4 Armour
 - Level 8.0 Shields


You had 7 spell levels left.
You didn't know any spells.

Dungeon Overview and Level Annotations

Branches:
Dungeon (6/15)
 Temple: D:4-7

Altars:
Kikubaaqudgha
Makhleb
Qazlal

Annotations:
D:6 Fv001's ghost, novice FeMo


Innate Abilities, Weirdness & Mutations

You are under a permanent stasis effect.
You can dig through walls and to a lower floor.
Your four strong arms can wield two-handed weapons with a shield.
((You have a pair of large antennae on your head (SInv).))


Message History

You block Fv001's ghost's attack.
You barely miss Fv001's ghost.
Fv001's ghost is moderately damaged.
Fv001's ghost says, "I walk in shadow, and soon so shall you."
Fv001's ghost hits you but does no damage.
You miss Fv001's ghost.
Fv001's ghost is moderately damaged.
Fv001's ghost hits you but does no damage.
You miss Fv001's ghost.
Fv001's ghost is moderately damaged.
Fv001's ghost hits you.
* * * LOW HITPOINT WARNING * * *
You block Fv001's ghost's attack.
You barely miss Fv001's ghost.
Fv001's ghost is moderately damaged.
You block Fv001's ghost's attack.
You barely miss Fv001's ghost.
Fv001's ghost is moderately damaged.
Fv001's ghost hits you!
You die...

.# .# #.####. ## #.....##
.### #<.## ###...#
##..###.....#
##.....##### ### ###..###
### #♣## ##....#
..{.#####W## ###...#.....
.##....a.l.###.[.#####...
.).............####### ..
###?.................. .
##.......###########
#########


You could see Fv001's ghost and a giant gecko.

Vanquished Creatures
  Sigmund (D:2)
  A water moccasin (D:5)
  A sky beast (D:3)
  A scorpion (D:5)
  A crimson imp (D:6)
  An orc priest (D:5)
  An iguana (D:5)
  2 orc wizards (D:5)
  Crazy Yiuf (D:5)
  2 worker ants (D:5)
  A hound skeleton (D:4)
  6 adders
  3 oozes
  4 worms
  3 dart slugs
  2 giant geckos
  3 orcs
  9 bats
  4 giant cockroaches
  6 goblins
  6 hobgoblins
  16 jackals
  A quokka (D:2)
  2 ball pythons
  5 kobolds
  5 rats
88 creatures vanquished.

Vanquished Creatures (collateral kills)
  A giant newt (D:5)
1 creature vanquished.

Grand Total: 89 creatures vanquished

Notes
Turn   | Place    | Note
--------------------------------------------------------------
     0 | D:1      | Murumi the Formicid Fighter began the quest for the Orb.
     0 | D:1      | Reached XP level 1. HP: 18/18 MP: 1/1
    75 | D:1      | Reached skill level 4 in Shields
    83 | D:1      | Reached XP level 2. HP: 24/24 MP: 2/2
   262 | D:1      | Reached XP level 3. HP: 28/29 MP: 3/3
   697 | D:2      | Found a stormy altar of Qazlal.
   835 | D:2      | Reached XP level 4. HP: 30/37 MP: 4/4
  1142 | D:2      | Noticed Sigmund
  1413 | D:2      | Killed Sigmund
  1413 | D:2      | Reached skill level 6 in Shields
  1413 | D:2      | Reached XP level 5. HP: 19/42 MP: 5/5
  1413 | D:2      | Reached XP level 6. HP: 21/48 MP: 6/6
  2450 | D:3      | Noticed a sky beast
  2461 | D:3      | Killed a sky beast
  2461 | D:3      | Reached skill level 7 in Shields
  2461 | D:3      | Reached XP level 7. HP: 47/54 MP: 7/7
  2790 | D:4      | Found a burning altar of Makhleb.
  3145 | D:5      | Entered Level 5 of the Dungeon
  3221 | D:5      | Found an ancient bone altar of Kikubaaqudgha.
  3253 | D:5      | Reached skill level 8 in Shields
  3532 | D:5      | Found an ancient bone altar of Kikubaaqudgha.
  3725 | D:5      | Noticed a water moccasin
  3733 | D:5      | Killed a water moccasin
  3833 | D:5      | Noticed Crazy Yiuf
  3847 | D:5      | Killed Crazy Yiuf
  4043 | D:5      | Reached skill level 5 in Fighting
  4043 | D:5      | Reached XP level 8. HP: 59/62 MP: 8/8
  4184 | D:6      | Noticed Fv001's ghost (novice FeMo)
  4244 | D:6      | HP: 3/93 [Fv001's ghost (4)]
  4250 | D:6      | HP: 2/93 [Fv001's ghost (3)]
  4252 | D:6      | Mangled by Fv001's ghost

Vault maps used:
D:1:      dpeg_arrival_pond
D:2:      nicolae_qazlal_general_emergency, uniq_sigmund
D:3:      first_bread, kennysheep_pointless_box
D:4:      serial_bayou_ford_a, bloody_makhleb
D:5:      lemuel_doored_altar, basic_altar, uniq_crazy_yiuf_cottage
D:6:      grunt_temple_overflow_holy_war, minmay_temple_entry_fiery,
          serial_shops, shop

Skill      XL: |  1  2  3  4  5  6  7 |
---------------+----------------------+-----
Shields        | 4 6 7 8 |  8.0
Long Blades    | 3 4 |  4.1
Fighting       | 4 5 |  5.1
Armour         | 4 |  4.4

Action                   |  1- 3 |  4- 6 |  7- 9 || total
-------------------------+-------+-------+-------++-------
Melee: Long sword        |   114 |   154 |   173 ||   441
 Abil: Dig               |       |       |     2 ||     2
       Evoke Invisibilit |       |       |     1 ||     1
  Use: Scroll            |     2 |     3 |     7 ||    12
       Potion            |       |     1 |     6 ||     7
  Eat: Chunk             |       |     5 |     3 ||     8
       Pizza             |       |       |     1 ||     1
       Beef jerky        |       |       |     1 ||     1
